AoeStats
← BottleDry

African Clearing

505028284Analyzed
4v4 RM · 26d ago on Sep 7, 2026· 26m 26s· 8 players
Game mode
Random Map
Map size
Large (8 player)
Population
200
Speed
Normal
Resources
Standard
Victory
Conquest
Starting age
Dark Age
Ending age
Imperial Age
RankedLock teamsTeams togetherTeam positionsShared explorationLock speedFull tech treeHidden civsTurbo modeCheats
Victory
Defeat
🇨🇳 Huns · China
871
+13
🇺🇸 Spanish · United States
842
+14
🇱🇻 Aztecs · Latvia
829
+14
🇹🇼 Goths · Taiwan
811
+15
🇭🇺 Khmer · Hungary
847
-36
🇬🇧 Lithuanians · United Kingdom
813
-15
🇧🇷 Franks · Brazil
767
-13
🇳🇱 Turks · Netherlands
762
-13
BottleDry
3:11 Loom
13:45 Feudal Age
19:14 Castle Age
17:49 Stone Mining
19:45 Double-Bit Axe
19:58 Gold Mining
24:32 Bow Saw
YJHAN
3:31 Loom
15:27 Feudal Age
15:29 Man-at-Arms
16:15 Town Watch
26:50 Castle Age
c190
3:44 Loom
14:33 Feudal Age
18:36 Double-Bit Axe
23:32 Castle Age
25:03 Wheelbarrow
圖表大師
9:08 Loom
16:15 Feudal Age
20:59 Castle Age
19:33 Double-Bit Axe
19:41 Gold Mining
21:02 Fletching
21:14 Padded Archer Armor
21:21 Horse Collar
23:17 Ballistics
23:04 Bodkin Arrow
24:29 Heavy Plow
26:23 Husbandry
neethgiE
14:35 Loom
17:28 Feudal Age
17:42 Man-at-Arms
18:45 Double-Bit Axe
23:47 Castle Age
victorwesselink
17:30 Feudal Age
24:58 Double-Bit Axe
zakor
14:22 Feudal Age
14:48 Horse Collar
15:39 Double-Bit Axe
23:49 Castle Age
Dg
5:37 Loom
21:06 Feudal Age
22:01 Man-at-Arms
Connection lost

Rejoining the realm…

Still unreachable

The connection could not be restored.

Session expired

The server has moved on; the page needs a fresh start.